 Dungeon Crawl Stone Soup version 0.31-a0-876-gfe8ebadbca (webtiles) character file.

Game seed: 9838652158937288425

686 LeprechaunX the Changeling (level 7, -1/69 HPs)
             Began as an Octopode Shapeshifter on Oct 14, 2023.
             Slain by a wight
             ... wielding a +0 spear
              (4 damage)
             ... on level 7 of the Dungeon.
             The game lasted 00:04:53 (3120 turns).

LeprechaunX the Changeling (Octopode Shapeshifter)  Turns: 3120, Time: 00:04:53

Health: -1/69      AC: 23    Str: 16    XL:     7   Next: 62%
Magic:  9/9        EV:  2    Int: 18    God:
Gold:   165        SH:  0    Dex: 11    Spells: 7/9 levels left

rFire   . .          .
                       - Unarmed
rCold   . . .        (no shield)
rNeg    . . .        (helmet currently unavailable)
rPois   +            m - amulet of magic regeneration
rElec   .            v - ring of see invisible
rCorr   .            f - +6 ring of intelligence
SInv    +            (no ring)
Will    .....        (no ring)
Stlth   +            (no ring)
HPRegen 0.31/turn    (no ring)
MPRegen 0.51/turn    (no ring)
                     (no ring)

%: no passive effects
@: tree-form
A: stationary, stasis, torment immunity, boosted hp, almost no armour,
(amphibious), 8 rings, (camouflage 1), (gelatinous body 1), (nimble swimmer 1),
(tentacles)
a: no special abilities


You were on level 7 of the Dungeon.
You were a tree.
You visited 1 branch of the dungeon, and saw 5 of its levels.

You collected 165 gold pieces.

Inventory:

Hand Weapons
 a - a +0 sling
Missiles
 n - a throwing net
 t - 4 boomerangs (quivered)
Jewellery
 f - a +6 ring of intelligence (right branch)
 m - an amulet of magic regeneration (around neck)
 v - a ring of see invisible (left branch)
Talismans
 b - a beast talisman
 c - a flux talisman
Wands
 u - a wand of iceblast (15)
Scrolls
 e - 2 scrolls of revelation {unknown}
 g - a scroll of blinking {unknown}
 k - 2 scrolls of identify {unknown}
 l - a scroll of poison {unknown}
 o - 4 scrolls of noise {unknown}
 r - a scroll of enchant armour {unknown}
 w - a scroll of fog {unknown}
 x - a scroll of teleportation {unknown}
Potions
 d - a potion of resistance {unknown}
 h - 2 potions of invisibility
 i - a potion of lignification
 j - a potion of brilliance {unknown}
 p - a potion of mutation {unknown}
 q - a potion of attraction {unknown}
 s - 2 potions of curing {unknown}


   Skills:
 + Level 3.1 Fighting
 + Level 3.6 Dodging
 + Level 4.2 Unarmed Combat
 + Level 1.9 Spellcasting
 + Level 1.9 Translocations
 + Level 2.1 Evocations
 * Level 5.0 Shapeshifting


You had 7 spell levels left.
You knew the following spells:

 Your Spells              Type           Power      Damage    Failure   Level
a - Blink                 Tloc           16%        N/A       12%         2

Your spell library contained the following spells:

 Spells                   Type           Power      Damage    Failure   Level
 Lesser Beckoning         Tloc           16%        N/A       12%         2
 Magic Dart               Conj           4%         1d3       19%         1
 Momentum Strike          Conj/Tloc      10%        3d8       19%         2
 Poisonous Vapours        Pois/Air       2%         N/A       28%         2
 Inner Flame              Hex/Fire       1%         N/A       50%         3
 Mephitic Cloud           Conj/Pois/Air  1%         N/A       50%         3
 Flame Wave               Conj/Fire      1%         2d4       88%         4
 Sticky Flame             Conj/Fire      1%         2d3       88%         4
 Freezing Cloud           Conj/Ice/Air   0%         6-21      99%         5


Dungeon Overview and Level Annotations

Branches:
Dungeon (7/15)
 Temple: D:4-7

Altars:


Innate Abilities, Weirdness & Mutations

You are a tree.
Your roots penetrate the ground, keeping you stationary.
You cannot be teleported.
You are immune to unholy pain and torment.
Your maximum health is greatly increased.
You cannot wear most types of armour.
((You are amphibious.))
You can wear up to eight rings at the same time.
((Your skin changes colour to match your surroundings (Stealth+).))
((Your rubbery body absorbs attacks. (AC +1, EV +1)))
((You are camouflaged when in or above water. (Stealth+)))
((You have tentacles for arms and can constrict up to eight enemies at once.))


Message History

Casting: Blink (safe; 14% risk of failure)
Confirm with . or Enter, or press ? or * to list all spells.
You are still too unstable to blink.
Unknown command.
Your transformation has ended.
You turn into a tree.
Your roots penetrate the ground.
You smack the wight!
The wight is heavily damaged.
The wight hits you but does no damage.
You smack the wight!
You destroy the wight!
Your life force feels restored.
You hit the wight but do no damage.
The wight is moderately damaged.
The wight hits you but does no damage. x2
You hit the wight.
The wight is heavily damaged.
The wight hits you but does no damage.
The wight hits you from afar with a +0 spear.
* * * LOW HITPOINT WARNING * * *
You smack the wight!
The wight is almost destroyed.
The wight hits you with a +2 flail.
* * * LOW HITPOINT WARNING * * *
You feel drained.
* * * LOW HITPOINT WARNING * * *
You smack the wight!
You destroy the wight!
The wight hits you from afar with a +0 spear.
* * * LOW HITPOINT WARNING * * *
Your life force feels restored.
Your Shapeshifting skill increases to level 5!
Throw: 4 boomerangs
Press: ? - help, Q - select action, (/) - cycle Shift-Dir - straight line, f - wight
Aim: a wight, wielding a +0 spear and wearing a +0 robe (52% to hit)
You throw a boomerang.
The boomerang hits the wight but does no damage.
You feel ready to blink again.
The wight hits you from afar with a +0 spear.
You die...

........#
........####################
........'.....>............#
........######.###########.#
......[.# #.# #.# ........#
#.# #.# ........# #.# #.#
........# #.###########.##
######### #.#♣)..).......#
#.#.############ #z# #.# ..#
..# ...# )..#


You could see a wight.

Vanquished Creatures
  A sky beast (D:7)
  3 wights (D:7)
  6 killer bees (D:7)
  A sleepcap (D:7)
  3 adders
  4 gnolls (D:7)
  A shadow imp (D:7)
  4 worms
  A dart slug (D:1)
  3 endoplasms
  2 giant cockroaches
  4 goblins
  4 hobgoblins
  6 quokkas
  11 ball pythons
  5 bats
  3 frilled lizards
  5 kobolds
  5 rats
72 creatures vanquished.

Notes
Turn   | Place    | Note
-------+----------+-------------------------------------------
     0 | D:1      | LeprechaunX the Octopode Shapeshifter began the quest for
                  | the Orb.
     0 | D:1      | Reached XP level 1. HP: 13/13 MP: 1/1
    75 | D:1      | Reached XP level 2. HP: 11/18 MP: 2/2
   343 | D:1      | Reached XP level 3. HP: 23/23 MP: 3/3
   938 | D:2      | Reached XP level 4. HP: 27/29 MP: 4/4
  1001 | D:2      | Identified the +0 scale mail "Put-Me-On" {Harm rElec rF-
                  | rN++}
  1428 | D:3      | Found a faded altar of an unknown god.
  1434 | D:3      | Got a vibrant book
  2462 | D:4      | You fall into a shaft and drop 3 floors!
  2466 | D:7      | Learned a level 2 spell: Blink
  2481 | D:7      | Noticed a sky beast
  2490 | D:7      | Killed a sky beast
  2491 | D:7      | Reached skill level 4 in Shapeshifting
  2491 | D:7      | Reached XP level 5. HP: 20/35 MP: 5/5
  2771 | D:7      | Reached skill level 1 in Evocations
  2771 | D:7      | Reached XP level 6. HP: 41/41 MP: 7/7
  2813 | D:7      | Reached skill level 1 in Spellcasting
  2835 | D:7      | Reached skill level 1 in Translocations
  2887 | D:7      | Reached XP level 7. HP: 12/45 MP: 9/9
  3119 | D:7      | HP: 2/67 [wight/+0 spear (4)]
  3120 | D:7      | Reached skill level 5 in Shapeshifting
  3120 | D:7      | Slain by a wight

Illustrated notes

Levels and vault maps discovered:
D:1:      tarquinn_simple_flora_water_a, layout_rooms, nicolae_titane
D:2:      layout_loops_ring
D:3:      layout_basic, shapermc_ecumenical_altar_rom_forum, chequers_arboretum
D:4:      layout_basic, kennysheep_generic_room_3
D:7:      layout_basic, mainiacjoe_overflow_alcove_2,
          nicolae_hepliaklqana_hippocampus, uniq_prince_ribbit1

Skill      XL: |  1  2  3  4  5  6  7 |
---------------+----------------------+-----
Fighting       | 2 3 |  3.1
Shapeshifting  | 4 5 |  5.0
Dodging        | 3 |  3.6
Evocations     | 1 2 |  2.1
Spellcasting   | 1 |  1.9
Translocations | 1 |  1.9
Unarmed Combat | 4 |  4.2

Action                     |  1- 3 |  4- 6 |  7- 9 || total
---------------------------+-------+-------+-------++-------
  Melee: Unarmed           |    77 |    84 |    22 ||   183
         Constrict         |    12 |    16 |     1 ||    29
         Tentacles         |     7 |    10 |     2 ||    19
         Punch             |     3 |     3 |       ||     6
  Throw: Boomerang         |       |     7 |     2 ||     9
   Cast: Blink             |       |       |     1 ||     1
    Use: Potion            |       |     2 |     1 ||     3
   Stab: Sleeping          |     5 |     4 |       ||     9
         Distracted        |     1 |       |       ||     1
         Invisible         |       |     2 |     1 ||     3
 Armour: Skin              |    27 |    61 |    20 ||   108
  Dodge: Dodged            |    43 |    43 |     4 ||    90

Table legend: (Time is in decaauts)
 A = Elapsed time spent in this place.
 B = Non-inter-level travel time spent in this place.
 C = Inter-level travel time spent in this place.
 D = Time resting spent in this place.
 E = Time spent auto-exploring this place.
 F = Levels seen in this place.
 G = Mean time per level.
                   A        B        C        D        E       F      G
               +--------+--------+--------+--------+--------+-----+--------+
         Total |   3107 |   2962 |    145 |    352 |   1985 |   5 |  621.4 |
       Dungeon |   3107 |   2962 |    145 |    352 |   1985 |   5 |  621.4 |
               +--------+--------+--------+--------+--------+-----+--------+

Top non-repeatable levels by time:
     D:3: 871 daAuts
     D:2: 674 daAuts
     D:1: 674 daAuts
     D:7: 653 daAuts
     D:4: 234 daAuts
